Jets vs Flames

Created - January 25 2012 at 19:22

Goals
1 2 3 T
Jets 0 1 2 3
Flames 1 0 0 1
Shots
1 2 3 T
Jets 8 5 12 25
Flames 8 16 16 40

Period #1

1. Flames , David Jones 10 (Pierre-Marc Bouchard, Jack Johnson) at 6:44

Penalties :
Dustin Brown (CGY) for Hooking (Minor) at 4:30, Cam Fowler (WPG) for Roughing (Minor) at 7:50, Ryan Kesler (CGY) for Tripping (Minor) at 11:00, Alex Goligoski (WPG) for Goalie Interference (Minor) at 11:00

Period #2

2. Jets , Henrik Sedin 17 (Daniel Sedin, Cam Fowler) at 14:17

Penalties :
Mark Giordano (WPG) for Hooking (Minor) at 5:40, Nathan Gerbe (WPG) for Holding (Minor) at 16:02

Period #3

3. Jets , Daniel Sedin 28 (Cam Fowler, Henrik Sedin) at 8:48 (PP)
4. Jets , Christian Ehrhoff 10 (Cam Fowler, Henrik Sedin) at 19:23

Penalties :
Erik Cole (WPG) for Hooking (Minor) at 0:07, Brenden Morrow (CGY) for Cross-checking (Minor) at 8:20, Dan Boyle (CGY) for Holding (Minor) at 11:01, Niklas Kronwall (CGY) for Hooking (Minor) at 11:50

Goalie Stats

Ilya Bryzgalov (WPG), 39 saves from 40 shots - (0.975), W, 22-18-6, 60:00 minutes
Tim Thomas (CGY), 22 saves from 25 shots - (0.880), L, 15-10-1, 59:44 minutes

Players Stats

Jets
Player Name              G  A  P  +/- PIM S  H  SB FO    MP 
------------------------------------------------------------
Aaron Rome               0  0  0   0  0   0  1  0  0/0   6  
Alex Goligoski           0  0  0   0  2   0  1  2  0/0   16 
Andrew Cogliano          0  0  0   0  0   0  1  0  9/20  15 
Brian Boyle              0  0  0  -1  0   1  3  0  13/29 21 
Cam Fowler               0  3  3   1  2   1  2  0  0/0   23 
Carlo Colaiacovo         0  0  0   0  0   1  0  0  0/0   8  
Christian Ehrhoff        1  0  1   1  0   2  0  1  0/0   26 
Clarke MacArthur         0  0  0   0  0   3  0  0  0/3   10 
Colby Armstrong          0  0  0  -1  0   0  1  0  0/0   7  
Daniel Sedin             1  1  2   1  0   3  0  0  3/6   22 
Erik Cole                0  0  0   1  2   2  3  0  1/2   19 
Henrik Sedin             1  2  3   2  0   4  0  0  13/30 21 
James Wisniewski         0  0  0   0  0   2  2  0  0/0   22 
Mark Giordano            0  0  0   0  2   0  1  1  0/0   20 
Martin Erat              0  0  0   0  0   0  1  1  0/0   12 
Nathan Gerbe             0  0  0   1  2   2  0  0  2/2   16 
Pierre-Alexandre Parente 0  0  0   1  0   4  2  0  0/0   18 
Tyler Ennis              0  0  0  -1  0   0  0  0  0/0   7  
Flames
Player Name              G  A  P  +/- PIM S  H  SB FO    MP 
------------------------------------------------------------
Andrew MacDonald         0  0  0   0  0   0  1  0  0/0   18 
Anze Kopitar             0  0  0  -1  0   4  0  0  16/25 21 
Brenden Morrow           0  0  0   0  2   5  2  0  1/2   22 
Dan Boyle                0  0  0   0  2   2  3  0  0/0   21 
Dan Hamhuis              0  0  0  -1  0   0  2  0  0/0   17 
David Jones              1  0  1   0  0   2  0  0  2/4   20 
Devin Setoguchi          0  0  0  -1  0   1  0  0  2/5   4  
Dustin Brown             0  0  0  -1  2   1  2  1  0/1   16 
Erik Johnson             0  0  0  -1  0   0  0  0  0/0   9  
Jack Johnson             0  1  1   1  0   2  2  1  0/0   19 
Jiri Hudler              0  0  0   0  0   1  1  0  0/0   17 
Michael Grabner          0  0  0  -1  0   1  0  0  1/2   19 
Mikael Samuelsson        0  0  0   0  0   5  2  0  0/0   16 
Niklas Kronwall          0  0  0   0  2   2  4  2  0/0   22 
Pierre-Marc Bouchard     0  1  1   1  0   7  0  0  10/19 18 
Rob Schremp              0  0  0   0  0   0  0  0  0/0   0  
Ryan Kesler              0  0  0   0  2   5  0  0  19/34 21 
Toni Lydman              0  0  0  -1  0   2  0  2  0/0   14 

3 Stars

1 - Henrik Sedin (WPG)
2 - Ilya Bryzgalov (WPG)
3 - Daniel Sedin (WPG)

Power Play

Jets - 1 on 4 Attempt(s) - 25.00%
Flames - 0 on 4 Attempt(s) - 0.00%

Penalty Kill

Jets - 4 on 4 Attempt(s) - 100.00% - Score 0 goal in Penalty Kill
Flames - 3 on 4 Attempt(s) - 75.00% - Score 0 goal in Penalty Kill

Game Notes

No Game Note

Finance

Level 1 -- Attendance: 6500 (100.00%) -- Ticket Income $487,500.00
Level 2 -- Attendance: 5000 (100.00%) -- Ticket Income $250,000.00
Level 3 -- Attendance: 3500 (100.00%) -- Ticket Income $105,000.00
Level 4 -- Attendance: 2602 (79.11%) -- Ticket Income $41,632.00
Luxury Box -- Attendance: 1000 (100.00%) -- Ticket Income $150,000.00
Game was played at the ScotiaBank Saddledome
Total Attendance: 18602 (96.44%)
Total Ticket Income: $1,091,649.00
Other Income: $212,609.70
Total Income: $1,304,259.00


Play by Play

Period #1

0:01 of 1st period - Ryan Kesler wins face-off versus Henrik Sedin in neutral zone.
0:53 of 1st period - Icing by Cam Fowler.
0:54 of 1st period - Pierre-Marc Bouchard wins face-off versus Henrik Sedin in Jets zone.
1:27 of 1st period - Shot by Pierre-Marc Bouchard.
1:27 of 1st period - Stopped by Ilya Bryzgalov without a rebound.
1:28 of 1st period - Anze Kopitar wins face-off versus Brian Boyle in Jets zone.
1:34 of 1st period - Dustin Brown is hit by Alex Goligoski and loses puck.
1:43 of 1st period - Shot by Clarke MacArthur.
1:43 of 1st period - Stopped by Tim Thomas with a rebound.
1:45 of 1st period - Shot by James Wisniewski.
1:45 of 1st period - Shot Blocked by Toni Lydman.
1:48 of 1st period - Brian Boyle is hit by Dan Hamhuis and loses puck.
1:53 of 1st period - Shot by Clarke MacArthur.
1:53 of 1st period - Shot Misses the Net.
1:57 of 1st period - Shot by Clarke MacArthur.
1:57 of 1st period - Stopped by Tim Thomas without a rebound.
1:58 of 1st period - Andrew Cogliano wins face-off versus Ryan Kesler in Flames zone.
1:58 of 1st period - Mark Giordano is hit by Dan Boyle and loses puck.
2:25 of 1st period - Mark Giordano is hit by Dan Boyle and loses puck.
2:54 of 1st period - Pierre-Marc Bouchard is hit by Andrew Cogliano and loses puck.
3:37 of 1st period - Cam Fowler is hit by Jack Johnson.
3:50 of 1st period - Icing by Jack Johnson.
3:51 of 1st period - Pierre-Marc Bouchard wins face-off versus Henrik Sedin in Flames zone.
4:26 of 1st period - Icing by Toni Lydman.
4:27 of 1st period - Anze Kopitar wins face-off versus Brian Boyle in Flames zone.
4:27 of 1st period - Anze Kopitar is hit by Brian Boyle.
4:30 of 1st period - Minor Penalty to Dustin Brown for Hooking.
4:31 of 1st period - Brian Boyle wins face-off versus Anze Kopitar in Flames zone.
5:26 of 1st period - Shot by Cam Fowler.
5:26 of 1st period - Stopped by Tim Thomas without a rebound.
5:27 of 1st period - Henrik Sedin wins face-off versus Ryan Kesler in Flames zone.
6:00 of 1st period - Icing by Mark Giordano.
6:01 of 1st period - Anze Kopitar wins face-off versus Henrik Sedin in Jets zone.
6:42 of 1st period - Shot by Pierre-Marc Bouchard.
6:42 of 1st period - Shot Misses the Net.
6:44 of 1st period - Shot by David Jones.
6:44 of 1st period - Goal by David Jones - Jets : 0 - Flames : 1.
6:45 of 1st period - Andrew Cogliano wins face-off versus Pierre-Marc Bouchard in neutral zone.
7:20 of 1st period - Andrew MacDonald is hit by James Wisniewski and loses puck.
7:44 of 1st period - Erik Johnson is hit by Cam Fowler and loses puck.
7:50 of 1st period - Minor Penalty to Cam Fowler for Roughing.
7:51 of 1st period - Brian Boyle wins face-off versus Ryan Kesler in Jets zone.
7:51 of 1st period - Brian Boyle is hit by Brenden Morrow.
8:09 of 1st period - Shot by Niklas Kronwall.
8:09 of 1st period - Shot Misses the Net.
8:23 of 1st period - Shot by Erik Johnson.
8:23 of 1st period - Deflect By Ryan Kesler.
8:23 of 1st period - Shot Misses the Net.
8:25 of 1st period - Shot by Ryan Kesler.
8:25 of 1st period - Shot Misses the Net.
9:49 of 1st period - Shot by Niklas Kronwall.
9:49 of 1st period - Stopped by Ilya Bryzgalov without a rebound.
9:50 of 1st period - Andrew Cogliano wins face-off versus David Jones in Jets zone.
11:00 of 1st period - Minor Penalty to Ryan Kesler for Tripping.
11:00 of 1st period - Minor Penalty to Alex Goligoski for Goalie Interference.
11:01 of 1st period - Brian Boyle wins face-off versus Anze Kopitar in Jets zone.
11:07 of 1st period - Off-side.
11:08 of 1st period - Brian Boyle wins face-off versus Devin Setoguchi in neutral zone.
11:19 of 1st period - Shot by Martin Erat.
11:19 of 1st period - Deflect By Brian Boyle.
11:19 of 1st period - Shot Misses the Net.
12:06 of 1st period - Icing by Niklas Kronwall.
12:07 of 1st period - Devin Setoguchi wins face-off versus Brian Boyle in Flames zone.
12:54 of 1st period - Shot by Anze Kopitar.
12:54 of 1st period - Shot Misses the Net.
12:56 of 1st period - Shot by Anze Kopitar.
12:56 of 1st period - Shot Blocked by Mark Giordano.
12:58 of 1st period - Shot by Anze Kopitar.
12:58 of 1st period - Shot Misses the Net.
13:28 of 1st period - Shot by Carlo Colaiacovo.
13:28 of 1st period - Shot Misses the Net.
13:30 of 1st period - Shot by Pierre-Alexandre Parenteau.
13:30 of 1st period - Stopped by Tim Thomas with a rebound.
13:34 of 1st period - Shot by Nathan Gerbe.
13:34 of 1st period - Stopped by Tim Thomas without a rebound.
13:35 of 1st period - Anze Kopitar wins face-off versus Henrik Sedin in Flames zone.
14:00 of 1st period - Icing by Cam Fowler.
14:01 of 1st period - Ryan Kesler wins face-off versus Erik Cole in Jets zone.
14:14 of 1st period - Shot by Brenden Morrow.
14:14 of 1st period - Stopped by Ilya Bryzgalov with a rebound.
14:24 of 1st period - Shot by Brenden Morrow.
14:24 of 1st period - Deflect By Mikael Samuelsson.
14:24 of 1st period - Stopped by Ilya Bryzgalov with a rebound.
14:26 of 1st period - Shot by Ryan Kesler.
14:26 of 1st period - Deflect By Brenden Morrow.
14:26 of 1st period - Shot Misses the Net.
14:28 of 1st period - Shot by Ryan Kesler.
14:28 of 1st period - Stopped by Ilya Bryzgalov without a rebound.
14:29 of 1st period - Pierre-Marc Bouchard wins face-off versus Andrew Cogliano in Jets zone.
14:53 of 1st period - Pierre-Alexandre Parenteau is hit by Jack Johnson and loses puck.
15:53 of 1st period - Shot by Clarke MacArthur.
15:53 of 1st period - Shot Blocked by Dustin Brown.
15:57 of 1st period - Shot by Daniel Sedin.
15:57 of 1st period - Stopped by Tim Thomas without a rebound.
15:58 of 1st period - Henrik Sedin wins face-off versus Ryan Kesler in Flames zone.
15:59 of 1st period - Shot by Daniel Sedin.
15:59 of 1st period - Shot Misses the Net.
16:01 of 1st period - Shot by Christian Ehrhoff.
16:01 of 1st period - Shot Misses the Net.
16:03 of 1st period - Shot by Carlo Colaiacovo.
16:03 of 1st period - Stopped by Tim Thomas without a rebound.
16:04 of 1st period - Daniel Sedin wins face-off versus Ryan Kesler in Flames zone.
16:28 of 1st period - Off-side.
16:29 of 1st period - Andrew Cogliano wins face-off versus Anze Kopitar in neutral zone.
16:47 of 1st period - Icing by Toni Lydman.
16:48 of 1st period - Brian Boyle wins face-off versus Dustin Brown in Flames zone.
17:11 of 1st period - Toni Lydman is hit by Brian Boyle and loses puck.
17:50 of 1st period - Shot by Ryan Kesler.
17:50 of 1st period - Shot Misses the Net.
17:52 of 1st period - Shot by Ryan Kesler.
17:52 of 1st period - Deflect By Mikael Samuelsson.
17:52 of 1st period - Stopped by Ilya Bryzgalov without a rebound.
17:53 of 1st period - Andrew Cogliano wins face-off versus David Jones in Jets zone.
18:41 of 1st period - Icing by Mark Giordano.
18:42 of 1st period - Ryan Kesler wins face-off versus Andrew Cogliano in Jets zone.
19:03 of 1st period - Shot by Daniel Sedin.
19:03 of 1st period - Deflect By Erik Cole.
19:03 of 1st period - Stopped by Tim Thomas without a rebound.
19:04 of 1st period - Anze Kopitar wins face-off versus Henrik Sedin in Flames zone.
19:04 of 1st period - Anze Kopitar is hit by Erik Cole.
19:15 of 1st period - Icing by Michael Grabner.
19:16 of 1st period - Anze Kopitar wins face-off versus Clarke MacArthur in Flames zone.
19:16 of 1st period - Anze Kopitar is hit by Brian Boyle.
19:24 of 1st period - James Wisniewski is hit by Dustin Brown and loses puck.
19:33 of 1st period - Shot by Dustin Brown.
19:33 of 1st period - Shot Misses the Net.
19:39 of 1st period - Shot by Toni Lydman.
19:39 of 1st period - Stopped by Ilya Bryzgalov without a rebound.
19:40 of 1st period - Henrik Sedin wins face-off versus Brenden Morrow in Jets zone.

Period #2

0:01 of 2nd period - Ryan Kesler wins face-off versus Henrik Sedin in neutral zone.
1:07 of 2nd period - Shot by Anze Kopitar.
1:07 of 2nd period - Shot Misses the Net.
1:09 of 2nd period - Shot by Dustin Brown.
1:09 of 2nd period - Stopped by Ilya Bryzgalov without a rebound.
1:10 of 2nd period - David Jones wins face-off versus Brian Boyle in Jets zone.
1:23 of 2nd period - Shot by Pierre-Marc Bouchard.
1:23 of 2nd period - Stopped by Ilya Bryzgalov with a rebound.
1:25 of 2nd period - Shot by David Jones.
1:25 of 2nd period - Shot Misses the Net.
1:29 of 2nd period - Shot by Pierre-Marc Bouchard.
1:29 of 2nd period - Stopped by Ilya Bryzgalov without a rebound.
1:30 of 2nd period - Nathan Gerbe wins face-off versus Devin Setoguchi in Jets zone.
2:30 of 2nd period - Icing by Nathan Gerbe.
2:31 of 2nd period - Ryan Kesler wins face-off versus Andrew Cogliano in Jets zone.
2:32 of 2nd period - Shot by Brenden Morrow.
2:32 of 2nd period - Stopped by Ilya Bryzgalov with a rebound.
2:34 of 2nd period - Shot by Niklas Kronwall.
2:34 of 2nd period - Shot Misses the Net.
2:36 of 2nd period - Shot by Niklas Kronwall.
2:36 of 2nd period - Shot Misses the Net.
2:38 of 2nd period - Shot by Dan Boyle.
2:38 of 2nd period - Shot Misses the Net.
2:42 of 2nd period - Shot by Mikael Samuelsson.
2:42 of 2nd period - Shot Hit the Post.
2:48 of 2nd period - Shot by Ryan Kesler.
2:48 of 2nd period - Shot Misses the Net.
2:56 of 2nd period - Shot by Mikael Samuelsson.
2:56 of 2nd period - Stopped by Ilya Bryzgalov without a rebound.
2:57 of 2nd period - Brian Boyle wins face-off versus Pierre-Marc Bouchard in Jets zone.
2:57 of 2nd period - Brian Boyle is hit by Jiri Hudler.
3:00 of 2nd period - Icing by Christian Ehrhoff.
3:01 of 2nd period - Pierre-Marc Bouchard wins face-off versus Brian Boyle in Jets zone.
3:06 of 2nd period - Shot by Pierre-Marc Bouchard.
3:06 of 2nd period - Stopped by Ilya Bryzgalov without a rebound.
3:07 of 2nd period - Henrik Sedin wins face-off versus Pierre-Marc Bouchard in Jets zone.
3:19 of 2nd period - Shot by Pierre-Marc Bouchard.
3:19 of 2nd period - Stopped by Ilya Bryzgalov without a rebound.
3:20 of 2nd period - Ryan Kesler wins face-off versus Brian Boyle in Jets zone.
3:21 of 2nd period - Shot by Brenden Morrow.
3:21 of 2nd period - Deflect By Ryan Kesler.
3:21 of 2nd period - Shot Misses the Net.
3:51 of 2nd period - Dan Boyle is hit by Colby Armstrong and loses puck.
4:19 of 2nd period - Icing by Christian Ehrhoff.
4:20 of 2nd period - Pierre-Marc Bouchard wins face-off versus Brian Boyle in Jets zone.
4:35 of 2nd period - Icing by Christian Ehrhoff.
4:36 of 2nd period - Anze Kopitar wins face-off versus Brian Boyle in Jets zone.
4:56 of 2nd period - Anze Kopitar is hit by James Wisniewski and loses puck.
5:08 of 2nd period - Dustin Brown is hit by Mark Giordano and loses puck.
5:26 of 2nd period - Icing by James Wisniewski.
5:27 of 2nd period - Nathan Gerbe wins face-off versus Pierre-Marc Bouchard in Jets zone.
5:32 of 2nd period - David Jones is hit by Pierre-Alexandre Parenteau and loses puck.
5:40 of 2nd period - Minor Penalty to Mark Giordano for Hooking.
5:41 of 2nd period - Daniel Sedin wins face-off versus Ryan Kesler in Jets zone.
5:50 of 2nd period - Shot by Ryan Kesler.
5:50 of 2nd period - Stopped by Ilya Bryzgalov without a rebound.
5:51 of 2nd period - Ryan Kesler wins face-off versus Daniel Sedin in Jets zone.
6:02 of 2nd period - Shot by Ryan Kesler.
6:02 of 2nd period - Shot Misses the Net.
6:20 of 2nd period - Shot by Niklas Kronwall.
6:20 of 2nd period - Stopped by Ilya Bryzgalov without a rebound.
6:21 of 2nd period - Henrik Sedin wins face-off versus Michael Grabner in Jets zone.
6:29 of 2nd period - Dan Boyle is hit by Aaron Rome and loses puck.
6:56 of 2nd period - Shot by Dan Boyle.
6:56 of 2nd period - Stopped by Ilya Bryzgalov with a rebound.
6:58 of 2nd period - Shot by Dan Boyle.
6:58 of 2nd period - Shot Hit the Post.
7:00 of 2nd period - Shot by Anze Kopitar.
7:00 of 2nd period - Stopped by Ilya Bryzgalov without a rebound.
7:01 of 2nd period - Ryan Kesler wins face-off versus Henrik Sedin in Jets zone.
7:21 of 2nd period - Icing by Erik Johnson.
7:22 of 2nd period - Daniel Sedin wins face-off versus Ryan Kesler in Flames zone.
7:33 of 2nd period - Shot by Niklas Kronwall.
7:33 of 2nd period - Shot Misses the Net.
7:35 of 2nd period - Shot by Ryan Kesler.
7:35 of 2nd period - Stopped by Ilya Bryzgalov with a rebound.
7:37 of 2nd period - Shot by Niklas Kronwall.
7:37 of 2nd period - Deflect By Ryan Kesler.
7:37 of 2nd period - Shot Misses the Net.
7:41 of 2nd period - Shot by Ryan Kesler.
7:41 of 2nd period - Shot Misses the Net.
7:44 of 2nd period - Icing by Mark Giordano.
7:45 of 2nd period - Andrew Cogliano wins face-off versus Pierre-Marc Bouchard in Jets zone.
7:52 of 2nd period - Shot by Pierre-Alexandre Parenteau.
7:52 of 2nd period - Stopped by Tim Thomas without a rebound.
7:53 of 2nd period - Michael Grabner wins face-off versus Andrew Cogliano in Flames zone.
8:59 of 2nd period - Shot by Daniel Sedin.
8:59 of 2nd period - Shot Misses the Net.
9:26 of 2nd period - Erik Cole is hit by Andrew MacDonald and loses puck.
9:34 of 2nd period - Icing by Jack Johnson.
9:35 of 2nd period - Pierre-Marc Bouchard wins face-off versus Clarke MacArthur in Flames zone.
11:12 of 2nd period - Shot by Pierre-Alexandre Parenteau.
11:12 of 2nd period - Shot Blocked by Toni Lydman.
11:16 of 2nd period - Shot by Nathan Gerbe.
11:16 of 2nd period - Stopped by Tim Thomas without a rebound.
11:17 of 2nd period - Anze Kopitar wins face-off versus Henrik Sedin in Flames zone.
12:07 of 2nd period - Off-side.
12:08 of 2nd period - Ryan Kesler wins face-off versus Andrew Cogliano in neutral zone.
12:41 of 2nd period - Nathan Gerbe is hit by Brenden Morrow and loses puck.
12:47 of 2nd period - Icing by James Wisniewski.
12:48 of 2nd period - Pierre-Marc Bouchard wins face-off versus Andrew Cogliano in Jets zone.
14:17 of 2nd period - Shot by Henrik Sedin.
14:17 of 2nd period - Goal by Henrik Sedin - Jets : 1 - Flames : 1.
14:18 of 2nd period - Andrew Cogliano wins face-off versus Ryan Kesler in neutral zone.
14:46 of 2nd period - Icing by Dan Boyle.
14:47 of 2nd period - Brenden Morrow wins face-off versus Daniel Sedin in Flames zone.
14:47 of 2nd period - Brenden Morrow is hit by Erik Cole.
14:54 of 2nd period - Cam Fowler is hit by Niklas Kronwall.
15:07 of 2nd period - Icing by Henrik Sedin.
15:08 of 2nd period - David Jones wins face-off versus Henrik Sedin in Jets zone.
15:57 of 2nd period - Shot by Martin Erat.
15:57 of 2nd period - Shot Blocked by Jack Johnson.
16:01 of 2nd period - Shot by Clarke MacArthur.
16:01 of 2nd period - Stopped by Tim Thomas without a rebound.
16:02 of 2nd period - Anze Kopitar wins face-off versus Andrew Cogliano in Flames zone.
16:02 of 2nd period - Minor Penalty to Nathan Gerbe for Holding.
16:03 of 2nd period - Anze Kopitar wins face-off versus Henrik Sedin in Jets zone.
16:04 of 2nd period - Shot by Dan Boyle.
16:04 of 2nd period - Shot Misses the Net.
16:08 of 2nd period - Shot by Jack Johnson.
16:08 of 2nd period - Stopped by Ilya Bryzgalov without a rebound.
16:09 of 2nd period - Ryan Kesler wins face-off versus Brian Boyle in Jets zone.
16:34 of 2nd period - Shot by Brenden Morrow.
16:34 of 2nd period - Shot Blocked by Alex Goligoski.
16:36 of 2nd period - Shot by Ryan Kesler.
16:36 of 2nd period - Stopped by Ilya Bryzgalov without a rebound.
16:37 of 2nd period - Anze Kopitar wins face-off versus Henrik Sedin in Jets zone.
16:54 of 2nd period - Shot by Michael Grabner.
16:54 of 2nd period - Shot Misses the Net.
16:56 of 2nd period - Shot by Dan Boyle.
16:56 of 2nd period - Stopped by Ilya Bryzgalov without a rebound.
16:57 of 2nd period - Ryan Kesler wins face-off versus Brian Boyle in Jets zone.
17:50 of 2nd period - Shot by Michael Grabner.
17:50 of 2nd period - Shot Misses the Net.
18:13 of 2nd period - James Wisniewski is hit by Dan Hamhuis and loses puck.
19:34 of 2nd period - Shot by Henrik Sedin.
19:34 of 2nd period - Stopped by Tim Thomas with a rebound.
19:46 of 2nd period - Shot by Brenden Morrow.
19:46 of 2nd period - Stopped by Ilya Bryzgalov with a rebound.

Period #3

0:01 of 3rd period - Henrik Sedin wins face-off versus Ryan Kesler in neutral zone.
0:07 of 3rd period - Minor Penalty to Erik Cole for Hooking.
0:08 of 3rd period - Brian Boyle wins face-off versus Anze Kopitar in Jets zone.
0:29 of 3rd period - Shot by Jack Johnson.
0:29 of 3rd period - Stopped by Ilya Bryzgalov without a rebound.
0:30 of 3rd period - Brian Boyle wins face-off versus Ryan Kesler in Jets zone.
0:57 of 3rd period - Shot by Ryan Kesler.
0:57 of 3rd period - Shot Misses the Net.
0:59 of 3rd period - Shot by Brenden Morrow.
0:59 of 3rd period - Stopped by Ilya Bryzgalov without a rebound.
1:00 of 3rd period - Henrik Sedin wins face-off versus Anze Kopitar in Jets zone.
2:25 of 3rd period - Shot by Pierre-Marc Bouchard.
2:25 of 3rd period - Deflect By David Jones.
2:25 of 3rd period - Stopped by Ilya Bryzgalov with a rebound.
2:35 of 3rd period - Shot by Pierre-Marc Bouchard.
2:35 of 3rd period - Stopped by Ilya Bryzgalov without a rebound.
2:36 of 3rd period - Ryan Kesler wins face-off versus Brian Boyle in Jets zone.
2:39 of 3rd period - Shot by Mikael Samuelsson.
2:39 of 3rd period - Stopped by Ilya Bryzgalov without a rebound.
2:40 of 3rd period - Brian Boyle wins face-off versus Ryan Kesler in Jets zone.
2:40 of 3rd period - Brian Boyle is hit by Mikael Samuelsson.
2:45 of 3rd period - Cam Fowler is hit by Niklas Kronwall and loses puck.
2:51 of 3rd period - Off-side.
2:52 of 3rd period - Henrik Sedin wins face-off versus Anze Kopitar in neutral zone.
3:25 of 3rd period - Anze Kopitar is hit by Cam Fowler and loses puck.
3:48 of 3rd period - Andrew MacDonald is hit by Martin Erat and loses puck.
3:57 of 3rd period - Shot by Martin Erat.
3:57 of 3rd period - Shot Misses the Net.
3:59 of 3rd period - Shot by Brian Boyle.
3:59 of 3rd period - Stopped by Tim Thomas without a rebound.
4:00 of 3rd period - Andrew Cogliano wins face-off versus Ryan Kesler in Flames zone.
4:00 of 3rd period - Andrew Cogliano is hit by Dan Boyle.
4:12 of 3rd period - Shot by Brenden Morrow.
4:12 of 3rd period - Stopped by Ilya Bryzgalov without a rebound.
4:13 of 3rd period - Andrew Cogliano wins face-off versus Ryan Kesler in Jets zone.
4:13 of 3rd period - Andrew Cogliano is hit by Mikael Samuelsson.
4:25 of 3rd period - Shot by Pierre-Alexandre Parenteau.
4:25 of 3rd period - Stopped by Tim Thomas without a rebound.
4:26 of 3rd period - Pierre-Marc Bouchard wins face-off versus Brian Boyle in Flames zone.
5:10 of 3rd period - Icing by David Jones.
5:11 of 3rd period - Henrik Sedin wins face-off versus Pierre-Marc Bouchard in Flames zone.
5:16 of 3rd period - Shot by Henrik Sedin.
5:16 of 3rd period - Stopped by Tim Thomas without a rebound.
5:17 of 3rd period - Erik Cole wins face-off versus Ryan Kesler in Flames zone.
5:24 of 3rd period - Mikael Samuelsson is hit by Erik Cole.
6:02 of 3rd period - Icing by Dan Boyle.
6:03 of 3rd period - Ryan Kesler wins face-off versus Andrew Cogliano in Flames zone.
6:24 of 3rd period - Anze Kopitar is hit by Pierre-Alexandre Parenteau and loses puck.
6:41 of 3rd period - Icing by Mark Giordano.
6:42 of 3rd period - Pierre-Marc Bouchard wins face-off versus Andrew Cogliano in Jets zone.
7:41 of 3rd period - Shot by Devin Setoguchi.
7:41 of 3rd period - Stopped by Ilya Bryzgalov without a rebound.
7:42 of 3rd period - Ryan Kesler wins face-off versus Henrik Sedin in Jets zone.
7:58 of 3rd period - Daniel Sedin is hit by Niklas Kronwall and loses puck.
8:20 of 3rd period - Minor Penalty to Brenden Morrow for Cross-checking.
8:21 of 3rd period - Henrik Sedin wins face-off versus Ryan Kesler in Flames zone.
8:28 of 3rd period - Shot by Christian Ehrhoff.
8:28 of 3rd period - Stopped by Tim Thomas without a rebound.
8:29 of 3rd period - Anze Kopitar wins face-off versus Brian Boyle in Flames zone.
8:38 of 3rd period - Shot by James Wisniewski.
8:38 of 3rd period - Stopped by Tim Thomas without a rebound.
8:39 of 3rd period - Henrik Sedin wins face-off versus Anze Kopitar in Flames zone.
8:44 of 3rd period - Shot by Cam Fowler.
8:44 of 3rd period - Shot Misses the Net.
8:48 of 3rd period - Shot by Daniel Sedin.
8:48 of 3rd period - Goal by Daniel Sedin - Jets : 2 - Flames : 1.
8:49 of 3rd period - Anze Kopitar wins face-off versus Andrew Cogliano in neutral zone.
9:20 of 3rd period - Shot by Anze Kopitar.
9:20 of 3rd period - Stopped by Ilya Bryzgalov without a rebound.
9:21 of 3rd period - Pierre-Marc Bouchard wins face-off versus Brian Boyle in Jets zone.
9:28 of 3rd period - Shot by Pierre-Marc Bouchard.
9:28 of 3rd period - Stopped by Ilya Bryzgalov without a rebound.
9:29 of 3rd period - Ryan Kesler wins face-off versus Henrik Sedin in Jets zone.
9:44 of 3rd period - Shot by Henrik Sedin.
9:44 of 3rd period - Deflect By Daniel Sedin.
9:44 of 3rd period - Shot Misses the Net.
9:46 of 3rd period - Shot by Henrik Sedin.
9:46 of 3rd period - Stopped by Tim Thomas without a rebound.
9:47 of 3rd period - Brian Boyle wins face-off versus Pierre-Marc Bouchard in Flames zone.
10:07 of 3rd period - Icing by James Wisniewski.
10:08 of 3rd period - Brian Boyle wins face-off versus Anze Kopitar in Jets zone.
10:08 of 3rd period - Brian Boyle is hit by Dustin Brown.
10:58 of 3rd period - Shot by Erik Cole.
10:58 of 3rd period - Stopped by Tim Thomas without a rebound.
10:59 of 3rd period - Ryan Kesler wins face-off versus Andrew Cogliano in Flames zone.
11:01 of 3rd period - Minor Penalty to Dan Boyle for Holding.
11:02 of 3rd period - Anze Kopitar wins face-off versus Henrik Sedin in Flames zone.
11:23 of 3rd period - Shot by Daniel Sedin.
11:23 of 3rd period - Stopped by Tim Thomas without a rebound.
11:24 of 3rd period - Ryan Kesler wins face-off versus Brian Boyle in Flames zone.
11:35 of 3rd period - Shot by James Wisniewski.
11:35 of 3rd period - Stopped by Tim Thomas without a rebound.
11:36 of 3rd period - Brian Boyle wins face-off versus Pierre-Marc Bouchard in Flames zone.
11:36 of 3rd period - Clarke MacArthur is hit by Niklas Kronwall and loses puck.
11:50 of 3rd period - Minor Penalty to Niklas Kronwall for Hooking.
11:51 of 3rd period - Ryan Kesler wins face-off versus Henrik Sedin in Flames zone.
12:40 of 3rd period - Icing by Alex Goligoski.
12:41 of 3rd period - Anze Kopitar wins face-off versus Brian Boyle in Jets zone.
15:00 of 3rd period - Shot by Mikael Samuelsson.
15:00 of 3rd period - Shot Misses the Net.
15:02 of 3rd period - Shot by Mikael Samuelsson.
15:02 of 3rd period - Stopped by Ilya Bryzgalov with a rebound.
15:04 of 3rd period - Shot by Mikael Samuelsson.
15:04 of 3rd period - Shot Blocked by Christian Ehrhoff.
15:36 of 3rd period - Shot by Dustin Brown.
15:36 of 3rd period - Shot Blocked by Alex Goligoski.
15:40 of 3rd period - Shot by Anze Kopitar.
15:40 of 3rd period - Stopped by Ilya Bryzgalov with a rebound.
15:42 of 3rd period - Shot by Anze Kopitar.
15:42 of 3rd period - Stopped by Ilya Bryzgalov without a rebound.
15:43 of 3rd period - Anze Kopitar wins face-off versus Daniel Sedin in Jets zone.
15:44 of 3rd period - Shot by Dustin Brown.
15:44 of 3rd period - Shot Misses the Net.
15:46 of 3rd period - Shot by Dan Hamhuis.
15:46 of 3rd period - Shot Misses the Net.
15:48 of 3rd period - Shot by Anze Kopitar.
15:48 of 3rd period - Shot Misses the Net.
15:50 of 3rd period - Shot by Anze Kopitar.
15:50 of 3rd period - Shot Misses the Net.
15:52 of 3rd period - Shot by Toni Lydman.
15:52 of 3rd period - Stopped by Ilya Bryzgalov with a rebound.
15:54 of 3rd period - Shot by Dustin Brown.
15:54 of 3rd period - Shot Blocked by Martin Erat.
15:58 of 3rd period - Shot by Michael Grabner.
15:58 of 3rd period - Stopped by Ilya Bryzgalov without a rebound.
15:59 of 3rd period - Henrik Sedin wins face-off versus Anze Kopitar in Jets zone.
17:15 of 3rd period - Shot by Pierre-Alexandre Parenteau.
17:15 of 3rd period - Stopped by Tim Thomas without a rebound.
17:16 of 3rd period - Brian Boyle wins face-off versus Pierre-Marc Bouchard in Flames zone.
18:42 of 3rd period - Shot by Daniel Sedin.
18:42 of 3rd period - Shot Blocked by Niklas Kronwall.
18:44 of 3rd period - Shot by Clarke MacArthur.
18:44 of 3rd period - Shot Blocked by Niklas Kronwall.
18:46 of 3rd period - Shot by Clarke MacArthur.
18:46 of 3rd period - Shot Misses the Net.
19:04 of 3rd period - Flames, Tim Thomas is pulled from the net.
19:19 of 3rd period - Icing by Andrew MacDonald.
19:20 of 3rd period - Tim Thomas from Flames was sent back in the game.
19:20 of 3rd period - Henrik Sedin wins face-off versus Devin Setoguchi in Flames zone.
19:23 of 3rd period - Shot by Christian Ehrhoff.
19:23 of 3rd period - Goal by Christian Ehrhoff - Jets : 3 - Flames : 1.
19:24 of 3rd period - Ryan Kesler wins face-off versus Henrik Sedin in neutral zone.
19:51 of 3rd period - Shot by Ryan Kesler.
19:51 of 3rd period - Shot Misses the Net.
19:53 of 3rd period - Shot by Ryan Kesler.
19:53 of 3rd period - Stopped by Ilya Bryzgalov without a rebound.
19:54 of 3rd period - Devin Setoguchi wins face-off versus Clarke MacArthur in Jets zone.
19:55 of 3rd period - Shot by Mikael Samuelsson.
19:55 of 3rd period - Shot Misses the Net.
19:59 of 3rd period - Shot by Jiri Hudler.
19:59 of 3rd period - Stopped by Ilya Bryzgalov without a rebound.


Output by the SimonT Hockey Simulator (STHS) for Stephane Roy -- Original Page W3C XHTML 1.0 Valid